 Dungeon Crawl Stone Soup version 0.26.1-11-gd32895ea62 (webtiles) character file.

Game seed: 12775630835056705956

103 promet the Stinger (level 4, -1/32 HPs)
             Began as a Merfolk Venom Mage on June 8, 2021.
             Slain by Sigmund
             ... wielding a +3 scythe
              (8 damage)
             ... on level 3 of the Dungeon.
             The game lasted 00:14:00 (2713 turns).

promet the Stinger (Merfolk Venom Mage)             Turns: 2713, Time: 00:14:01

Health: -1/32      AC:  3    Str:  9    XL:     4   Next: 79%
Magic:  1/7        EV: 13    Int: 14    God:
Gold:   66         SH:  0    Dex: 14    Spells: 5/8 levels left

rFire    . . .     SeeInvis .   l - +0 great sword
rCold    . . .     Faith    .   (shield currently unavailable)
rNeg     . . .     Spirit   .   a - +1 robe
rPois    .         Reflect  .   (no helmet)
rElec    .         Harm     .   (no cloak)
rCorr    .         Rampage  .   (no gloves)
Will     .....                  (no boots)
Stlth    ++........             (no amulet)
HPRegen  0.10/turn              (no ring)
MPRegen  0.10/turn              (no ring)

@: very slightly contaminated, invisible (expiring)
A: change form in water, swift swim, stealthy swim
a: no special abilities


You were on level 3 of the Dungeon.
You visited 1 branch of the dungeon, and saw 3 of its levels.

You collected 66 gold pieces.

Inventory:

Hand Weapons
 c - a +0 whip
 h - a +0 spear
 l - a +0 great sword (weapon)
Missiles
 b - 70 stones (quivered)
 e - 15 sling bullets
 f - 8 curare-tipped darts
 m - 15 arrows
Armour
 a - a +1 robe (worn)
 d - a cursed +0 ring mail
Scrolls
 n - a scroll of identify
Potions
 g - a potion of invisibility
 i - a potion of haste {unknown}
 j - a potion of mutation
 k - 2 potions of brilliance


   Skills:
 * Level 1.3 Fighting
 + Level 0.5 Long Blades
 + Level 0.3 Maces & Flails
 + Level 0.6 Polearms
 + Level 3.2 Dodging
 + Level 2.2 Stealth
 + Level 0.4 Unarmed Combat
 + Level 2.6 Spellcasting
 + Level 1.9 Transmutations
 + Level 0.6 Air Magic
 + Level 4.2 Poison Magic


You had 5 spell levels left.
You knew the following spells:

 Your Spells              Type           Power        Failure   Level
a - Sting                 Tmut/Pois      40%          6%          1
b - Poisonous Vapours     Pois/Air       16%          13%         2

Your spell library contained the following spells:

 Spells                   Type           Power        Failure   Level
 Ignite Poison            Fire/Tmut/Pois 7%           28%         3
 Mephitic Cloud           Conj/Pois/Air  6%           34%         3
 Olgreb's Toxic Radiance  Pois           13%          36%         4


Dungeon Overview and Level Annotations

Branches:
Dungeon (3/15)

Altars:

Annotations:
D:3 Sigmund


Message History

Aim: Sigmund, wielding a +3 scythe and wearing a +0 robe (heavily wounded, wandering, very poisoned, hasn't noticed you, 32% to evade)
The sting hits Sigmund.
Sigmund looks even sicker.
Sigmund is heavily wounded.
Sigmund completely misses you.
Casting: Sting (safe; 6% risk of failure)
Confirm with . or Enter, or press ? or * to list all spells.
You don't have enough magic to cast that spell.
Unknown command.
Sigmund gestures at you while chanting. You resist with some effort.
You slash Sigmund!
Sigmund is almost dead.
You flicker for a moment.
Sigmund hits you with a +3 scythe!
* * * LOW HITPOINT WARNING * * *
The adder bites you but does no damage.
You closely miss Sigmund.
Sigmund is almost dead.
Sigmund hits you with a +3 scythe!
You die...

#.# #######.#..#.# #.#
#........#.#.#
#.########...#.#####......#
#.....<........# ##.#.###
#..#######...#.######.#.#
#...# #. #.##...>...# #.#..
###..##S##.###.### #...##
.......@...# #.# ###.#
#@######.# #.. #........#
### ##########


You could see Sigmund (very poisoned) and an adder.

Vanquished Creatures
  Terence (D:2)
  3 adders (D:2)
  A leopard gecko (D:1)
  An orc (D:3)
  7 bats
  3 giant cockroaches
  3 hobgoblins
  7 jackals
  9 kobolds
  A frilled lizard (D:1)
  8 goblins
  4 rats
48 creatures vanquished.

Notes
Turn   | Place    | Note
-------+----------+-------------------------------------------
     0 | D:1      | promet the Merfolk Venom Mage began the quest for the Orb.
     0 | D:1      | Reached XP level 1. HP: 13/13 MP: 3/3
   123 | D:1      | Reached XP level 2. HP: 11/19 MP: 0/5
   131 | D:1      | Learned a level 2 spell: Poisonous Vapours
   761 | D:1      | Reached skill level 4 in Poison Magic
  1113 | D:1      | Reached XP level 3. HP: 24/24 MP: 4/6
  1631 | D:2      | Noticed Terence
  1641 | D:2      | Killed Terence
  1642 | D:2      | Reached skill level 1 in Fighting
  1642 | D:2      | Reached XP level 4. HP: 18/32 MP: 0/7
  2698 | D:3      | Noticed Sigmund
  2713 | D:3      | Slain by Sigmund

Illustrated notes

Levels and vault maps discovered:
D:1:      erik_arrival_orb_chamber, layout_loops_corners, minmay_cut_off
D:2:      layout_basic, hangedman_decor_diamond_cutter, uniq_terence
D:3:      layout_loops_corners, uniq_jessica, uniq_sigmund

Skill      XL: |  1  2  3 |
---------------+----------+-----
Poison Magic   | 4 |  4.2
Fighting       | 1 |  1.3
Dodging        | 3 |  3.2
Long Blades    | |  0.5
Maces & Flails | |  0.3
Polearms       | |  0.6
Stealth        | |  2.2
Unarmed Combat | |  0.4
Spellcasting   | |  2.6
Transmutations | |  1.9
Air Magic      | |  0.6

Action                   |  1- 3 |  4- 6 || total
-------------------------+-------+-------++-------
Melee: Unarmed           |    10 |       ||    10
       Whip              |    14 |       ||    14
       Spear             |    36 |       ||    36
       Great sword       |       |    25 ||    25
Throw: Stone             |       |     2 ||     2
 Cast: Sting             |    19 |     4 ||    23
       Poisonous Vapours |     9 |    14 ||    23
  Use: Scroll            |     4 |     2 ||     6
       Potion            |       |     1 ||     1
Armor: Robe              |    12 |     7 ||    19
Dodge: Dodged            |    51 |    21 ||    72
       Rpst.: Great sword |       |     5 ||     5
